 Dungeon Crawl Stone Soup version 0.27.1-34-g3ba077fa99 (webtiles) character file.

Game seed: 9957270874216294073

153 Delamore the Covert (level 5, -7/34 HPs)
             Began as an Octopode Brigand on Feb 5, 2022.
             Mangled by an orc (10 damage)
             ... on level 3 of the Dungeon.
             The game lasted 00:01:25 (1746 turns).

Delamore the Covert (Octopode Brigand)              Turns: 1746, Time: 00:01:25

Health: -7/34      AC:  1    Str: 11    XL:     5   Next: 35%
Magic:  0/5        EV: 12    Int: 13    God:
Gold:   73         SH:  0    Dex: 14    Spells: 4/4 levels left

rFire    . . .     SeeInvis .   a - +2 dagger
rCold    . . .     Faith    .   (no shield)
rNeg     . . .     Spirit   +   (helmet restricted)
rPois    .         Reflect  .   e - amulet of guardian spirit
rElec    .         Harm     .   (no ring)
rCorr    .         Rampage  .   (no ring)
Will     .....                  (no ring)
Stlth    +++++.....             (no ring)
HPRegen  0.11/turn              (no ring)
MPRegen  0.09/turn              (no ring)
                                (no ring)
                                (no ring)

@: lethally poisoned (-7 -> -13)
A: almost no armour, amphibious, 8 rings, camouflage 1, gelatinous body 1,
(nimble swimmer 1), tentacles
a: no special abilities


You were on level 3 of the Dungeon.
You visited 1 branch of the dungeon, and saw 3 of its levels.

You collected 73 gold pieces.

Inventory:

Hand Weapons
 a - a +2 dagger (weapon)
Missiles
 b - 8 poisoned darts (quivered)
 c - 2 curare-tipped darts
Jewellery
 e - an amulet of guardian spirit (around mantle)
Scrolls
 h - a scroll of amnesia {unknown}
 k - 2 scrolls of fear
Potions
 d - a potion of resistance {unknown}
 f - a potion of lignification {unknown}
 i - 2 potions of magic {unknown}


   Skills:
 - Level 2.0 Fighting
 + Level 3.4 Short Blades
 - Level 2.0 Throwing
 - Level 1.0 Dodging
 * Level 8.0 Stealth


You had 4 spell levels left.
You didn't know any spells.
Your spell library contained the following spells:

 Spells                   Type           Power      Damage    Failure   Level
 Beastly Appendage        Tmut           0%         N/A       30%         1
 Wereblood                Tmut           0%         N/A       43%         2
 Dazzling Flash           Conj/Hex       0%         N/A       67%         3
 Spider Form              Tmut/Pois      0%         N/A       67%         3
 Iskenderun's Mystic Bla  Conj/Tloc      0%         2d3       97%         4
 Starburst                Conj/Fire      0%         6d3       100%        6


Dungeon Overview and Level Annotations

Branches:
Dungeon (3/15)

Altars:


Innate Abilities, Weirdness & Mutations

You cannot wear most types of armour.
You are amphibious.
You can wear up to eight rings at the same time.
Your skin changes colour to match your surroundings (Stealth+).
Your rubbery body absorbs attacks. (AC +1, EV +1)
((You are camouflaged near water. (Stealth+)))
You have tentacles for arms and can constrict up to eight enemies at once.


Message History

There are monsters nearby!
As you read the scroll of summoning, it crumbles to dust.
Wisps of shadow whirl around you... The adder barely misses you.
The adder closely misses you.
Your bat completely misses the orc.
The orc hits you with a +0 hand axe.
You hit the orc. Your grab misses the orc.
The orc is severely wounded.
Your bat barely misses the orc.
The orc misses your bat. The adder bites your bat.
A rat comes into view.
Your bat hits the orc but does no damage.
The orc hits you with a +0 hand axe. The orc closely misses your bat. x2
The dart slug launches a dart at you. The slug dart hits your bat.
Your bat dies!
Your bat's corpse dissolves into shadows!
You hit the orc.
You kill the orc!
Your bat barely misses the orc.
The orc hits you with a +0 morningstar!
* * * LOW HITPOINT WARNING * * *
You hit the orc priest. Your grab misses the orc priest.
The orc priest is moderately wounded.
Your bat hits the adder but does no damage.
Your bat hits the orc priest but does no damage.
Your bat closely misses the orc priest.
The adder barely misses you.
The orc priest invokes the aid of Beogh against you.
You barely resist. The orc barely misses you.
You hit the orc priest. You grab the orc priest.
The orc priest is severely wounded.
You constrict the orc priest, but do no damage.
The adder bites you.
* * * LOW HITPOINT WARNING * * *
You are lethally poisoned!
The adder poisons you!
Your bat hits the orc priest but does no damage.
The orc priest hits your bat with a +0 dagger.
Your bat dies!
Your bat's corpse dissolves into shadows!
The orc hits you with a +0 morningstar!
You die...

# #.#............. #..
#..†............ ..#
##............... #.#
##.............w.. ..#
##.................
#######..................
.........................
##.......................
#..............@o†.!....
#.............bSo....b..
#.......................
#.....##............r...
#########...............
##..............
##.......!.....
..............#
......?......##


You could see an orc priest (unaware), an adder, a dart slug, an orc (ally
target), a bat, a rat and a friendly bat (summoned).

Vanquished Creatures
  A black bear (D:2)
  2 adders (D:2)
  An adder skeleton (D:3)
  A dart slug (D:1)
  2 orcs (D:3)
  2 bats
  2 endoplasms
  5 giant cockroaches
  2 goblins
  4 hobgoblins
  2 jackals (D:2)
  5 ball pythons
  4 frilled lizards
  8 kobolds
  3 rats
44 creatures vanquished.

Notes
Turn   | Place    | Note
-------+----------+-------------------------------------------
     0 | D:1      | Delamore the Octopode Brigand began the quest for the Orb.
     0 | D:1      | Reached XP level 1. HP: 14/14 MP: 1/1
   170 | D:1      | Reached XP level 2. HP: 19/19 MP: 2/2
   453 | D:1      | Reached skill level 6 in Stealth
   827 | D:2      | Reached XP level 3. HP: 24/24 MP: 3/3
  1065 | D:2      | Found a faded altar of an unknown god.
  1362 | D:2      | Noticed a black bear
  1365 | D:2      | Killed a black bear
  1366 | D:2      | Reached skill level 7 in Stealth
  1366 | D:2      | Reached XP level 4. HP: 29/29 MP: 4/4
  1366 | D:2      | Reached XP level 5. HP: 34/34 MP: 5/5
  1741 | D:3      | Reached skill level 8 in Stealth
  1746 | D:3      | Mangled by an orc

Illustrated notes

Levels and vault maps discovered:
D:1:      dpeg_arrival_shrine, layout_basic
D:2:      layout_basic, basic_ecumenical_altar
D:3:      layout_basic, nicolae_uskayaw_murder_on_the_dancefloor,
          uniq_crazy_yiuf_cottage

Skill      XL: |  1  2  3  4  5 |
---------------+----------------+-----
Stealth        | 6 7 8 |  8.0
Short Blades   | 3 |  3.4
Fighting       | |  2.0
Throwing       | |  2.0
Dodging        | |  1.0

Action                   |  1- 3 |  4- 6 || total
-------------------------+-------+-------++-------
Melee: Dagger            |    63 |    28 ||    91
       Constrict         |    13 |     6 ||    19
       Tentacles         |     5 |     7 ||    12
  Use: Scroll            |       |     5 ||     5
 Stab: Sleeping          |    14 |     1 ||    15
Armor: Skin              |     7 |     2 ||     9
Dodge: Dodged            |    33 |    11 ||    44
